 Dungeon Crawl Stone Soup version 0.28-a0-1147-gc7b72d3202 (webtiles) character file.

Game seed: 1862416071263390652

38409 eflewb the Unseen (level 13, -3/67 HPs)
             Began as a Spriggan Enchanter on Dec 14, 2021.
             Was a High Priest of Dithmenos.
             Slain by a harpy simulacrum (15 damage)
             ... on level 14 of the Dungeon.
             The game lasted 00:42:49 (18425 turns).

eflewb the Unseen (Spriggan Enchanter)             Turns: 18425, Time: 00:42:50

Health: -3/67      AC: 11    Str:  8    XL:     13   Next: 63%
Magic:  31/31      EV: 21    Int: 19    God:    Dithmenos [*****.]
Gold:   1311       SH:  0    Dex: 16    Spells: 31/39 levels left

rFire   + + .      SeeInvis +   D - +5 dagger (drain)
rCold   . . .      Faith    .   (shield restricted)
rNeg    . . .      Spirit   .   j - +1 robe {rF+}
rPois   .          Reflect  .   t - +2 hat {Stlth+}
rElec   .          Harm     .   r - +1 cloak
rCorr   .          Rampage  .   (gloves unavailable)
Will    ++...                   (boots unavailable) Stlth **++++++++
                                (no amulet)
HPRegen 0.21/turn               G - ring of protection from fire
MPRegen 0.22/turn               d - +4 ring of protection

@: about to teleport, wreathed by umbra, constricted, very quick
A: very small, no large weapons, unfitting armour, see invisible, speed 3,
clever 1, noise suppression
a: Renounce Religion, Shadow Step, Shadow Form


You were on level 14 of the Dungeon.
You worshipped Dithmenos.
Dithmenos was extremely pleased with you.
You visited 2 branches of the dungeon, and saw 15 of its levels.
You also visited: Ossuary and Bailey.

You collected 1311 gold pieces.

Inventory:

Hand Weapons
 D - a +5 dagger of draining (weapon)
 I - a +4 dagger
Missiles
 a - 4 curare-tipped darts
 k - 2 throwing nets (quivered)
 E - 38 poisoned darts
Armour
 i - a +0 troll leather armour
 j - a +1 robe of fire resistance (worn)
 r - a +1 cloak (worn)
 t - a +2 hat of stealth (worn)
Jewellery
 d - a +4 ring of protection (right hand)
 w - a ring of resist corrosion
 y - a ring of protection from fire
 G - a ring of protection from fire (left hand)
Wands
 p - a wand of polymorph (24)
 s - a wand of paralysis (10)
 v - a wand of charming (8)
 z - a wand of flame (37)
 B - a wand of iceblast (6)
 C - a wand of mindburst (15)
Scrolls
 o - 3 scrolls of identify
 u - a scroll of holy word
 x - a scroll of amnesia
 A - 5 scrolls of teleportation
 H - a scroll of blinking
 K - a scroll of magic mapping
Potions
 b - 4 potions of ambrosia
 c - a potion of invisibility
 e - 6 potions of attraction
 f - 3 potions of might
 g - 5 potions of curing
 h - 2 potions of heal wounds
 l - 3 potions of brilliance
 m - 2 potions of berserk rage
 n - 2 potions of lignification
 q - 5 potions of mutation
 F - a potion of cancellation
 J - 2 potions of flight


   Skills:
 + Level 7.0 Fighting
 + Level 9.6 Short Blades
 + Level 11.5 Dodging
 + Level 16.6 Stealth
 + Level 13.5 Spellcasting
 + Level 13.7 Hexes


You had 31 spell levels left.
You knew the following spells:

 Your Spells              Type           Power      Damage    Failure   Level
a - Ensorcelled Hibernat  Hex/Ice        76%        N/A       1%          2
b - Tukima's Dance        Hex            60%        N/A       1%          3
c - Dazzling Flash        Conj/Hex       76%        N/A       1%          3

Your spell library contained the following spells:

 Spells                   Type           Power      Damage    Failure   Level
 Slow                     Hex            100%       N/A       1%          1
 Confusing Touch          Hex            60%        N/A       1%          3
 Sting                    Tmut/Pois      48%        1d5       5%          1
 Poisonous Vapours        Pois/Air       24%        N/A       8%          2
 Sublimation of Blood     Necr           12%        N/A       8%          2
 Wereblood                Tmut           12%        N/A       8%          2
 Silence                  Hex/Air        19%        N/A       9%          5
 Yara's Violent Unravell  Hex/Tmut       19%        3d9       9%          5
 Call Canine Familiar     Summ           12%        N/A       16%         3
 Ignite Poison            Fire/Tmut/Pois 12%        N/A       16%         3
 Mephitic Cloud           Conj/Pois/Air  12%        N/A       16%         3
 Vampiric Draining        Necr           12%        2d6       16%         3
 Animate Dead             Necr           6%         N/A       45%         4
 Olgreb's Toxic Radiance  Pois           12%        N/A       45%         4
 Passage of Golubria      Tloc           12%        N/A       45%         4
 Freezing Cloud           Conj/Ice/Air   6%         6-21      82%         5
 Lightning Bolt           Conj/Air       6%         1d18      82%         5
 Haunt                    Necr/Summ      6%         N/A       100%        7
 Storm Form               Tmut/Air       6%         N/A       100%        7
 Summon Hydra             Summ           6%         N/A       100%        7
 Infestation              Necr           6%         N/A       100%        8


Dungeon Overview and Level Annotations

Branches:
Dungeon (14/15)            Temple (1/1) D:4            Lair (0/6) D:9
    Orc (0/2) D:11         Vaults (0/5) D:13        Ossuary (visited)
 Bailey (visited)

Altars:
Cheibriados
Dithmenos
Kikubaaqudgha
Makhleb
Nemelex Xobeh
Sif Muna
Trog
Vehumet
Zin
The Shining One

Shops:
D:5 (:(

Portals:
Ice
Cave: D:14

Annotations:
D:5 Prince Ribbit
D:6 2 transporters


Innate Abilities, Weirdness & Mutations

You are very small and have problems with some larger weapons.
You are too small for most types of armour.
You have supernaturally acute eyesight. (SInv)
You cover ground extremely quickly. (Speed+++)
Your mind is acute. (Int +2)
You passively dampen the noise of your surroundings.


Message History

The dire elephant simulacrum completely misses you.
The dire elephant simulacrum misses you.
Aiming: Throw Flame
Press: ? - help, Shift-Dir - straight line, f/p - dire elephant simulacrum
Aim: a dire elephant simulacrum (moderately damaged, umbra, 100% to hit)
The puff of flame hits the dire elephant simulacrum.
The dire elephant simulacrum melts!
The dire elephant simulacrum is moderately damaged.
The dire elephant simulacrum tramples you!
You stumble backwards!
You hit the dire elephant simulacrum but do no damage.
The dire elephant simulacrum is moderately damaged.
You hit the dire elephant simulacrum but do no damage.
The dire elephant simulacrum is moderately damaged.
The dire elephant simulacrum misses you.
The dire elephant simulacrum closely misses you.
The anaconda simulacrum grabs you. The anaconda simulacrum misses you.
The anaconda simulacrum constricts you.
You escape the anaconda simulacrum's grasp.
The anaconda simulacrum grabs you.
The anaconda simulacrum completely misses you.
The anaconda simulacrum constricts you.
You escape the anaconda simulacrum's grasp.
The harpy simulacrum closely misses you.
The harpy simulacrum completely misses you.
The harpy simulacrum barely misses you. The harpy simulacrum claws you.
The harpy simulacrum freezes you!
As you read the scroll of teleportation, it crumbles to dust.
You feel strangely unstable.
The harpy simulacrum completely misses you.
The harpy simulacrum claws you! The harpy simulacrum freezes you!
* * * LOW HITPOINT WARNING * * *
The anaconda simulacrum grabs you.
The anaconda simulacrum closely misses you.
The anaconda simulacrum constricts you.
The harpy simulacrum closely misses you.
The harpy simulacrum claws you.
* * * LOW HITPOINT WARNING * * *
The harpy simulacrum freezes you!
You die...

#.### ##### #...# ..Z..
###.#### ###########......
#.....#######.............Z.Z
#.###.......#........# .....
#
#.#...#####.#........###ZZ...
#####.#.###
#.#........(.uuZ...
...##.#[..#
#.#Z..Z..u.###u....
##...>#.#.# #.@Z...>...#
..... ####.#...# ###........#
.<... ####.## #####.####
##### ##...# #.# #..### #.#
##.## #.. #..# ##+ ##'#####
#......#


You could see a brown ugly thing, an anaconda simulacrum, a dire elephant
simulacrum and a harpy simulacrum.

Vanquished Creatures
  3 entropy weavers (D:13)
  2 boulder beetles (D:13)
  3 hydras
  4 vault guards (D:13)
  3 ghost crabs (D:13)
  7 two-headed ogres
  2 centaur warriors (D:13)
  Urug (D:11)
  5 fire crabs (D:13)
  2 skeletal warriors (D:12)
  2 wizards
  2 deep elf pyromancers (D:13)
  Pikel (D:6)
  2 manticores
  5 ugly things
  5 cyclopes
  An apocalypse crab (D:13)
  A gargoyle (D:12)
  A komodo dragon (D:11)
  2 unseen horrors
  4 trolls
  A hornet (D:7)
  A slime creature (D:7)
  A meliai zombie (D:11)
  6 yaks
  A wraith (D:10)
  3 shadows
  Sigmund (D:6)
  A dancing weapon (Bailey)
  5 vampire mosquitoes
  A basilisk (D:14)
  An acid dragon (D:13)
  3 water moccasins (D:9)
  9 orc warriors
  An ice beast (D:6)
  4 black bears
  A necrophage (D:4)
  An ogre (D:5)
  A centaur (D:9)
  3 kobold brigands
  8 bullfrogs
  A gnoll sergeant (D:8)
  2 scorpions
  A water moccasin zombie (D:6)
  A wyvern skeleton (D:6)
  Dowan (D:5)
  5 wights (D:7)
  5 howler monkeys
  A crimson imp (D:5)
  6 centaur zombies
  2 hounds (D:5)
  2 gnoll shamans (D:7)
  5 orc priests
  A centaur skeleton (D:7)
  Ijyb (D:4)
  Jessica (D:2)
  3 iguanas
  12 orc wizards
  2 killer bee zombies
  A hound skeleton (D:5)
  A mummy (Ossuary)
  7 adders
  18 gnolls
  A white imp (D:8)
  2 adder skeletons (D:4)
  4 dart slugs
  36 orcs
  2 spectral bats (Ossuary)
  5 ball pythons
  A bat simulacrum (Ossuary)
  6 endoplasms
  4 giant cockroaches
  14 goblins
  11 hobgoblins
  2 jackals (D:1)
  16 kobolds
  A quokka (D:2)
  3 bats
  3 frilled lizards
  12 gnoll zombies (Ossuary)
  2 goblin simulacra (Ossuary)
  6 goblin zombies (Ossuary)
  5 hobgoblin zombies (Ossuary)
  5 kobold simulacra (Ossuary)
  5 kobold zombies (Ossuary)
  2 orc zombies (Ossuary)
  9 rats
  4 rat simulacra (Ossuary)
  2 spectral goblins (Ossuary)
  4 spectral kobolds (Ossuary)
  2 spectral rats (Ossuary)
359 creatures vanquished.

Vanquished Creatures (collateral kills)
  A death knight (D:12)
  A two-headed ogre (D:9)
  Duvessa (D:5)
  Blork the orc (D:5)
  An orc priest (D:7)
  Crazy Yiuf (D:6)
  Terence (D:2)
  An orc wizard (D:9)
  5 gnolls
  7 orcs
  A goblin (Bailey)
  A hobgoblin (Bailey)
  A kobold (Bailey)
23 creatures vanquished.

Vanquished Creatures (others)
  9 dancing weapons
  4 kobolds (Bailey)
  24 fungi (D:9)
  30 plants
67 creatures vanquished.

Grand Total: 449 creatures vanquished

Notes
Turn   | Place    | Note
-------+----------+-------------------------------------------
     0 | D:1      | eflewb the Spriggan Enchanter began the quest for the Orb.
     0 | D:1      | Reached XP level 1. HP: 9/9 MP: 5/5
   109 | D:1      | Found a faded altar of an unknown god.
   267 | D:1      | Reached XP level 2. HP: 13/13 MP: 7/7
   273 | D:1      | Learned a level 2 spell: Ensorcelled Hibernation
   985 | D:1      | Reached XP level 3. HP: 16/16 MP: 9/9
   989 | D:1      | Learned a level 3 spell: Tukima's Dance
   993 | D:1      | Learned a level 3 spell: Dazzling Flash
  1265 | D:2      | Noticed Terence
  1284 | D:2      | Killed Terence
  1889 | D:2      | Reached XP level 4. HP: 21/21 MP: 6/11
  1947 | D:2      | Noticed Jessica
  1949 | D:2      | Killed Jessica
  1950 | D:2      | Reached skill level 5 in Hexes
  2817 | D:3      | Found a radiant altar of Vehumet.
  3216 | D:3      | Reached XP level 5. HP: 24/24 MP: 7/13
  3218 | D:3      | Reached skill level 5 in Spellcasting
  3289 | D:3      | Found a glowing silver altar of Zin.
  3449 | D:4      | Found a staircase to the Ecumenical Temple.
  3478 | Temple   | Entered the Ecumenical Temple
  3502 | Temple   | Became a worshipper of Dithmenos the Shadowed
  3657 | D:4      | Reached skill level 5 in Stealth
  3846 | D:4      | Noticed Ijyb
  3874 | D:4      | Killed Ijyb
  3875 | D:4      | Reached XP level 6. HP: 6/28 MP: 7/15
  4634 | D:4      | Found a burning altar of Makhleb.
  4987 | D:4      | Reached skill level 6 in Stealth
  4991 | D:4      | Found a shimmering blue altar of Sif Muna.
  5349 | D:5      | Entered Level 5 of the Dungeon
  5349 | D:5      | Noticed Prince Ribbit
  5368 | D:5      | Found Sahiriur's Book Shoppe.
  5432 | D:5      | Found Jeib's Antique Weapon Emporium.
  5895 | D:5      | Reached XP level 7. HP: 32/32 MP: 1/17
  6064 | D:5      | Found Wiangiqu's Antique Weapon Emporium.
  6098 | D:5      | Noticed Dowan
  6102 | D:5      | Noticed Duvessa
  6146 | D:5      | Killed Duvessa
  6147 | D:5      | Reached skill level 7 in Stealth
  6314 | D:5      | Killed Dowan
  6565 | D:5      | Noticed Blork the orc
  6574 | D:5      | Killed Blork the orc
  6575 | D:5      | Reached skill level 8 in Stealth
  6672 | D:5      | Reached * piety under Dithmenos
  7184 | D:6      | Reached XP level 8. HP: 36/36 MP: 17/20
  7260 | D:6      | Reached skill level 9 in Stealth
  7487 | D:6      | Found a runed translucent door.
  7488 | D:6      | Noticed Crazy Yiuf
  7498 | D:6      | Killed Crazy Yiuf
  8259 | D:6      | Noticed Sigmund
  8266 | D:6      | Killed Sigmund
  8267 | D:6      | Reached skill level 10 in Stealth
  8295 | D:6      | Found a transporter.
  8334 | D:6      | Noticed Pikel
  8342 | D:6      | Killed Pikel
  8343 | D:6      | Reached XP level 9. HP: 39/39 MP: 15/23
  8557 | D:6      | Found a transporter.
  8718 | D:6      | Identified a scroll of acquirement
  8718 | D:6      | Acquired a +2 hat of stealth
  8787 | D:7      | Found a bloodstained altar of Trog.
  8802 | D:7      | Found a glowing golden altar of the Shining One.
  8812 | D:7      | Gained mutation: Your mind is acute. (Int +2) [potion of
                  | mutation]
  8812 | D:7      | Gained mutation: You passively dampen the noise of your
                  | surroundings. [potion of mutation]
  8859 | D:7      | Noticed a two-headed ogre
  8864 | D:7      | Reached skill level 11 in Stealth
  8880 | D:7      | Killed a two-headed ogre
  8881 | D:7      | Reached skill level 1 in Fighting
  9007 | D:7      | Noticed a cyclops
  9007 | D:7      | Noticed a troll
  9075 | D:7      | Found a sand-covered staircase.
  9084 | Ossuary  | Entered an ossuary
  9242 | Ossuary  | Reached ** piety under Dithmenos
  9257 | Ossuary  | Reached skill level 10 in Hexes
  9529 | D:7      | Noticed a two-headed ogre
  9536 | D:7      | Killed a two-headed ogre
  9642 | D:7      | Reached skill level 5 in Dodging
  9642 | D:7      | Reached XP level 10. HP: 42/45 MP: 24/24
  9874 | D:7      | Killed a cyclops
  9875 | D:7      | Reached skill level 12 in Stealth
  9875 | D:7      | Reached skill level 10 in Spellcasting
 10002 | D:7      | Reached *** piety under Dithmenos
 11129 | D:8      | Found a flagged portal.
 11147 | Bailey   | Entered a bailey
 11686 | Bailey   | Reached skill level 5 in Short Blades
 11755 | Bailey   | Identified the +4 plate armour of the Invisible Hand
                  | {Contam Str+6 Dex+7}
 11888 | D:8      | Reached **** piety under Dithmenos
 12154 | D:8      | Reached skill level 13 in Stealth
 12275 | D:8      | Noticed a two-headed ogre
 12284 | D:8      | Killed a two-headed ogre
 12285 | D:8      | Reached XP level 11. HP: 53/53 MP: 14/26
 12805 | D:9      | Found a staircase to the Lair.
 12980 | D:9      | Noticed a two-headed ogre
 13157 | D:9      | Killed a two-headed ogre
 13591 | D:10     | Entered Level 10 of the Dungeon
 13668 | D:10     | HP: 1/53 [wraith (4)]
 13881 | D:10     | Noticed a two-headed ogre
 13889 | D:10     | Killed a two-headed ogre
 14702 | D:11     | Reached skill level 14 in Stealth
 14716 | D:11     | Reached ***** piety under Dithmenos
 14717 | D:11     | Noticed a two-headed ogre
 14724 | D:11     | Killed a two-headed ogre
 14807 | D:11     | Found a staircase to the Orcish Mines.
 15007 | D:11     | Noticed Urug
 15010 | D:11     | Killed Urug
 15011 | D:11     | Reached skill level 5 in Fighting
 15084 | D:11     | Noticed a two-headed ogre
 15101 | D:11     | Killed a two-headed ogre
 15357 | D:11     | Noticed a four-headed hydra
 15365 | D:11     | Killed a four-headed hydra
 15366 | D:11     | Reached XP level 12. HP: 40/60 MP: 18/28
 15773 | D:12     | Noticed a death knight
 15796 | D:12     | Killed a death knight
 16006 | D:12     | Got the Tome of Cloudy Summoning
 16504 | D:13     | Noticed a boulder beetle
 16512 | D:13     | Killed a boulder beetle
 16513 | D:13     | Reached skill level 15 in Stealth
 16719 | D:13     | Noticed a boulder beetle
 16725 | D:13     | Killed a boulder beetle
 16743 | D:13     | Noticed a five-headed hydra
 16750 | D:13     | Killed a five-headed hydra
 16751 | D:13     | Reached skill level 10 in Dodging
 16787 | D:13     | Found a gate to the Vaults.
 16787 | D:13     | Noticed a centaur warrior
 16787 | D:13     | Noticed an eight-headed hydra
 16787 | D:13     | Noticed a vault guard
 16787 | D:13     | Noticed a centaur warrior
 16787 | D:13     | Noticed a vault guard
 16787 | D:13     | Noticed a vault guard
 16787 | D:13     | Noticed a vault guard
 16931 | D:13     | Killed a centaur warrior
 16993 | D:13     | Killed a vault guard
 17014 | D:13     | Killed a centaur warrior
 17020 | D:13     | Killed a vault guard
 17028 | D:13     | Killed a vault guard
 17029 | D:13     | Reached XP level 13. HP: 52/65 MP: 12/30
 17629 | D:13     | Found a runed translucent door.
 17652 | D:13     | Noticed an entropy weaver
 17655 | D:13     | Reached skill level 16 in Stealth
 17656 | D:13     | Killed an entropy weaver
 17712 | D:13     | Noticed an entropy weaver
 17716 | D:13     | Killed an entropy weaver
 17749 | D:13     | Noticed an entropy weaver
 17751 | D:13     | Killed an entropy weaver
 17757 | D:13     | Identified the +9 spear "Cookie Cutter" {drain, rPois MP+9}
 18404 | D:14     | Found a frozen archway.
 18425 | D:14     | Slain by a harpy simulacrum

Illustrated notes

Levels and vault maps discovered:
D:1:      lightli_arrival_quake, layout_basic,
          ebering_ecumenical_altar_abandoned
D:2:      layout_basic, minmay_tiny_reverse_x, uniq_terence, uniq_jessica
D:3:      layout_rooms, nicolae_vehumet_altar_sigil,
          nicolae_overflow_hidden_temple, corexii_corridor_pit,
          hangedman_feature_mirror
D:4:      kennysheep_the_goblin_king, layout_loops_corners,
          nicolae_sif_muna_condensation, mainiacjoe_overflow_alcove_1,
          minmay_temple_entry_waves, serial_rivers,
          chequers_serial_rivers_large_b, chequers_serial_rivers_room_b,
          chequers_serial_rivers_micro_c, chequers_serial_rivers_micro_e,
          chequers_serial_rivers_room_b
D:5:      layout_basic, serial_shops, nicolae_shop_waterfront, kennysheep_mini,
          nicolae_diamond_shop, uniq_duvessa, uniq_blork_the_orc,
          uniq_prince_ribbit1
D:6:      gammafunk_cloud_chamber, layout_basic, uniq_pikel,
          uniq_crazy_yiuf_cottage, uniq_sigmund
D:7:      layout_basic, mainiacjoe_overflow_large_starburst,
          nicolae_ossuary_entry_monument, minmay_shattered_shrine
D:8:      layout_gridville, enter_bailey_3
D:9:      layout_loops_ring, due_lair_maze_entry_diamond
D:10:     layout_roguey
D:11:     layout_gridville, hiddenorc1_lemuel, uniq_urug
D:12:     layout_loops_cross
D:13:     gammafunk_mikee_crab_dinner, layout_basic,
          lightli_vaults_fourway_checkpoint, grunt_ministairs_8
D:14:     layout_roguey, chequers_serial_rivers_room_a,
          portal_ice_cave_entry_ice_simulacra
Temple:   regret_index_temple_sphere_string

Skill      XL: |  1  2  3  4  5  6  7  8  9 10 11 12 13 |
---------------+----------------------------------------+-----
Spellcasting   | 3 4 5 6 7 9 10 11 12 13 | 13.5
Hexes          | 4 5 6 7 9 10 11 12 13 | 13.7
Stealth        | 5 6 8 10 11 13 14 15 16 | 16.6
Dodging        | 5 7 8 10 11 | 11.5
Fighting       | 2 3 5 6 7 |  7.0
Short Blades   | 3 5 7 8 9 |  9.6

Action                   |  1- 3 |  4- 6 |  7- 9 | 10-12 | 13-15 || total
-------------------------+-------+-------+-------+-------+-------++-------
Melee: Dagger            |   154 |   234 |   424 |   446 |    71 ||  1329
 Cast: Ensorcelled Hiber |    15 |    37 |    32 |    67 |    15 ||   166
       Tukima's Dance    |     2 |    10 |    14 |    47 |     3 ||    76
       Dazzling Flash    |       |       |     6 |       |       ||     6
Invok: Shadow Step       |       |       |       |     2 |     2 ||     4
Evoke: Wand              |       |       |     3 |     7 |     3 ||    13
  Use: Scroll            |     2 |     9 |     4 |    12 |     4 ||    31
       Potion            |       |     1 |     2 |     3 |     2 ||     8
 Stab: Sleeping          |    16 |    30 |    43 |    96 |    23 ||   208
       Distracted        |       |     1 |     1 |     7 |     1 ||    10
       Invisible         |       |       |     2 |       |       ||     2
Armor: Robe              |    27 |    45 |   109 |    75 |     6 ||   262
Dodge: Dodged            |   108 |   177 |   400 |   360 |    62 ||  1107

Table legend: (Time is in decaauts)
 A = Elapsed time spent in this place.
 B = Non-inter-level travel time spent in this place.
 C = Inter-level travel time spent in this place.
 D = Time resting spent in this place.
 E = Time spent auto-exploring this place.
 F = Levels seen in this place.
 G = Mean time per level.
                   A        B        C        D        E       F      G
               +--------+--------+--------+--------+--------+-----+--------+
         Total |  14403 |  14023 |    380 |   2647 |   8175 |  17 |  847.2 |
       Dungeon |  13482 |  13108 |    374 |   2242 |   8074 |  14 |  963.0 |
        Temple |     27 |     21 |      6 |      0 |     15 |   1 |   27.0 |
       Ossuary |    322 |    322 |      0 |      0 |     75 |   1 |  322.0 |
        Bailey |    570 |    570 |      0 |    405 |      9 |   1 |  570.0 |
               +--------+--------+--------+--------+--------+-----+--------+

Top non-repeatable levels by time:
     D:5: 1762 daAuts
     D:4: 1673 daAuts
     D:7: 1236 daAuts
     D:6: 1168 daAuts
    D:13: 1035 daAuts
     D:1: 969 daAuts
     D:2: 893 daAuts
    D:11: 829 daAuts
     D:3: 794 daAuts
    D:10: 782 daAuts
     D:9: 703 daAuts
    D:12: 692 daAuts
     D:8: 619 daAuts
  Bailey: 570 daAuts
 Ossuary: 322 daAuts
